 Dungeon Crawl Stone Soup version 0.30-a0-393-g54b8e3be05 (webtiles) character file.

Game seed: 3127405281746333560

71 Shayle the Conjurer (level 4, 34/34 HPs)
             Began as a Demonspawn Reaver on Dec 2, 2022.
             Quit the game on level 3 of the Dungeon on Dec 5, 2022.
             The game lasted 00:05:27 (1895 turns).

Shayle the Conjurer (Demonspawn Reaver)             Turns: 1895, Time: 00:05:27

Health: 34/34      AC: 10    Str: 12    XL:     4   Next: 5%
Magic:  7/7        EV: 11    Int: 17    God:
Gold:   131        SH:  8    Dex: 15    Spells: 6/7 levels left

rFire   . . .      SeeInvis .    o - +0 mace (protect)
rCold   + . .      Faith    .    n - +0 buckler
rNeg    . . .      Spirit   .    q - +0 robe of the Lumpy Priests {Dex+4 Archmagi}
rPois   .          Reflect  +    (helmet restricted)
rElec   .          Harm     .    (no cloak)
rCorr   .          Rampage  .    t - +0 pair of gloves
Will    .....      Archmagi +    (no boots)
Stlth   ++........               p - amulet of reflection
HPRegen 0.25/turn                k - ring of protection from cold
MPRegen 0.20/turn                (no ring)

@: under a protective aura
A: antennae 1, magic regeneration
a: no special abilities


You were on level 3 of the Dungeon.
You visited 1 branch of the dungeon, and saw 3 of its levels.

You collected 131 gold pieces.

Inventory:

Hand Weapons
 a - a +0 hand axe
 c - a +2 whip of freezing
 o - a +0 mace of protection (weapon)
Missiles
 g - 4 atropa-tipped darts
Armour
 b - a +0 leather armour
 n - a +0 buckler (worn)
 q - the +0 robe of the Lumpy Priests (worn) {Dex+4 Archmagi}
   (You found it on level 3 of the Dungeon)

   Dex:       It affects your dexterity (+4).
   Archmagi:  It increases the power of your magical spells.
 t - a +0 pair of gloves (worn)
Jewellery
 k - a ring of protection from cold (left hand)
 p - an amulet of reflection (around neck)
Scrolls
 e - a scroll of brand weapon {unknown}
 f - a scroll of immolation {unknown}
 j - 4 scrolls of identify {unknown}
 l - 2 scrolls of teleportation {unknown}
 u - a scroll of summoning {unknown}
Potions
 d - 2 potions of mutation {unknown}
 h - a potion of haste {unknown}
 i - 3 potions of curing {unknown}
 m - 2 potions of lignification {unknown}
 r - a potion of ambrosia {unknown}
 s - a potion of flight {unknown}


   Skills:
 + Level 2.9 Fighting
 - Level 2.6 Axes
 + Level 1.8 Armour
 - Level 1.7 Dodging
 + Level 1.9 Stealth
 - Level 2.0 Spellcasting
 - Level 3.0 Conjurations


You had 6 spell levels left.
You knew the following spells:

 Your Spells              Type           Power      Damage    Failure   Level
a - Kiss of Death         Conj/Necr      40%        2d8       14%         1

Your spell library contained the following spells:

 Spells                   Type           Power      Damage    Failure   Level
 Momentum Strike          Conj/Tloc      20%        3d8       22%         2
 Hailstorm                Conj/Ice       10%        3d5       38%         3


Dungeon Overview and Level Annotations

Branches:
Dungeon (3/15)

Altars:

Shops:
D:1 [


Innate Abilities, Weirdness & Mutations

You have a pair of small antennae on your head.
You regenerate magic rapidly.


Message History

You hit the adder but do no damage. The adder bites you but does no damage.
You block the adder's attack.
You hit the adder.
The adder is moderately wounded.
The adder barely misses you. You block the adder's attack.
You barely miss the adder.
The adder is moderately wounded.
You block the adder's attack. The adder closely misses you.
You hit the adder.
The adder is almost dead.
The adder bites you but does no damage.
You miss the adder.
The adder is almost dead.
The adder bites you but does no damage. The adder bites you.
You closely miss the adder.
The adder is almost dead.
The adder bites you but does no damage. You block the adder's attack.
You hit the adder.
You kill the adder!
You have reached level 4!
You feel clever.
Your demonic ancestry asserts itself...
A pair of antennae grows on your head!
A hobgoblin comes into view.
The hobgoblin shouts!
You see here a scroll labelled LOROKA IRITO.
u - a scroll labelled LOROKA IRITO The hobgoblin closely misses you.
You closely miss the hobgoblin. The hobgoblin barely misses you.
You barely miss the hobgoblin. You block the hobgoblin's attack.
You completely miss the hobgoblin. The hobgoblin barely misses you.
You block the hobgoblin's attack.
You completely miss the hobgoblin. You block the hobgoblin's attack.
You hit the hobgoblin.
Your weapon exudes an aura of protection.
The hobgoblin is almost dead.
The hobgoblin misses you.
You hit the hobgoblin.
You kill the hobgoblin!
You see here the +1 robe "Goulos" {Int-2 Dex+5}.
Are you sure you want to abandon this character and quit the game? (Confirm with "yes".)

##########
#........#
#........#
#........#
#........#
#........#
#@.......# # #######
#........# # #.....#
#........# # #.....#
#........# #
#.....#####...†....#
#
###..........###..##
# #..........# ##.#
# #..........# ..# #
#.)........## #.#


There were no monsters in sight!

Vanquished Creatures
  2 adders
  3 worms
  2 dart slugs
  An orc (D:3)
  8 ball pythons
  6 endoplasms
  4 giant cockroaches
  A goblin (D:1)
  2 hobgoblins (D:3)
  4 bats
  A frilled lizard (D:3)
  4 kobolds (D:1)
  3 rats
41 creatures vanquished.

Notes
Turn   | Place    | Note
-------+----------+-------------------------------------------
     0 | D:1      | Shayle the Demonspawn Reaver began the quest for the Orb.
     0 | D:1      | Reached XP level 1. HP: 16/16 MP: 3/3
   194 | D:1      | Gained mutation: You regenerate magic rapidly. [demonic
                  | ancestry]
   194 | D:1      | Reached XP level 2. HP: 6/22 MP: 5/5
   375 | D:1      | Upgraded the game from 0.30-a0-385-gfebfb9b408 to
                  | 0.30-a0-393-g54b8e3be05
   451 | D:1      | Reached skill level 1 in Stealth
   453 | D:1      | Reached skill level 1 in Armour
   471 | D:1      | Found Rozi's Armour Boutique.
  1115 | D:2      | Reached XP level 3. HP: 28/28 MP: 6/6
  1698 | D:3      | Identified the +0 robe of the Lumpy Priests {Dex+4
                  | Archmagi}
  1878 | D:3      | Gained mutation: You have a pair of small antennae on your
                  | head. [demonic ancestry]
  1878 | D:3      | Reached XP level 4. HP: 34/34 MP: 7/7
  1894 | D:3      | Identified the +1 robe "Goulos" {Int-2 Dex+5}
  1895 | D:3      | Quit the game

Illustrated notes

Levels and vault maps discovered:
D:1:      saegor_arrival_simple_a, layout_basic, serial_shops,
          nicolae_shop_window_shopping
D:2:      layout_basic, grunt_ministairs_11, dreamdust_wishing_well
D:3:      layout_rooms, nzn_wu_jian_contemplation, uniq_ijyb

Skill      XL: |  1  2 |
---------------+-------+-----
Stealth        | 1 |  1.9
Armour         | 1 |  1.8
Fighting       | |  2.9
Axes           | |  2.6
Dodging        | |  1.7
Spellcasting   | |  2.0
Conjurations   | |  3.0

Action                   |  1- 3 |  4- 6 || total
-------------------------+-------+-------++-------
Melee: Whip              |    59 |       ||    59
       Hand axe          |     4 |       ||     4
       Mace              |    51 |     6 ||    57
 Stab: Sleeping          |     5 |       ||     5
Armor: Leather armour    |    18 |       ||    18
       Robe              |    10 |       ||    10
Dodge: Dodged            |    44 |     4 ||    48
Block: Buckler           |    17 |     3 ||    20

Table legend: (Time is in decaauts)
 A = Elapsed time spent in this place.
 B = Non-inter-level travel time spent in this place.
 C = Inter-level travel time spent in this place.
 D = Time resting spent in this place.
 E = Time spent auto-exploring this place.
 F = Levels seen in this place.
 G = Mean time per level.
                   A        B        C        D        E       F      G
               +--------+--------+--------+--------+--------+-----+--------+
         Total |   1917 |   1843 |     74 |    234 |    983 |   3 |  639.0 |
       Dungeon |   1917 |   1843 |     74 |    234 |    983 |   3 |  639.0 |
               +--------+--------+--------+--------+--------+-----+--------+

Top non-repeatable levels by time:
     D:1: 903 daAuts
     D:2: 757 daAuts
     D:3: 256 daAuts
